 Dungeon Crawl Stone Soup version 0.25-a0-657-ge95d391c20 (webtiles) character file.

Game seed: 8742179956015718304, levelgen mode: deterministic

2446989 Inarius the Heavyweight Champion (level 27, 234/234 HPs)
             Began as a Troll Fighter on Mar 19, 2020.
             Was the Champion of Jiyva.
             Escaped with the Orb
             ... and 4 runes on Mar 22, 2020!
             The game lasted 03:23:49 (68122 turns).

Inarius the Heavyweight Champion (Troll Fighter)   Turns: 68122, Time: 03:23:49

Health: 234/234    AC: 44    Str: 44    XL:     27
Magic:  34/34      EV: 14    Int:  9    God:    Jiyva [******]
Gold:   2529       SH: 40    Dex: 19    Spells: 26/26 levels left

rFire    + . .     SeeInvis +     - Unarmed
rCold    + + +     Gourm    +   a - +1 tower shield {reflect}
rNeg     + . .     Faith    .   w - +12 gold dragon scales
rPois    +         Spirit   .   C - +2 hat "Pyofui" {*Drain +Inv Regen+ Int+3 Dex+3}
rElec    +         Reflect  +   e - +2 cloak {MR+}
rCorr    +         Harm     .   (gloves unavailable)
MR       +++..                  (boots unavailable)
Stlth    ..........             D - brooch of Shielding {Reflect SH+8}
HPRegen  1.69/turn              Y - ring "Kejac" {rC+ rN+ Str+5 Stlth+}
MPRegen  0.24/turn              y - ring "Vusib" {rElec AC+3 Str+3 Int-3 Dex+3}

@: no status effects
A: large, unfitting armour, claws 3, molten scales 1, slimy green scales 1, see
invisible, clever 2, cold resistance 1, fast metabolism 3, gourmand, mutation
resistance 1, regeneration 2, shaggy fur 2, tough skin 3, gelatinous body 1,
pseudopods 1, translucent skin 2
0: Orb of Zot
}: 4/15 runes: barnacled, slimy, silver, gossamer
a: Request Jelly, Slimify, Cure Bad Mutation, Renounce Religion, Evoke
Invisibility


You escaped.
You worshipped Jiyva.
Jiyva was exalted by your worship.
You were very full.

You visited 12 branches of the dungeon, and saw 58 of its levels.
You visited the Abyss 1 time.
You also visited: Ossuary, Bailey, Ice Cave, Wizlab and Desolation.

You collected 7313 gold pieces.
You spent 4784 gold pieces at shops.

Inventory:

Missiles
 W - 102 large rocks (quivered)
Armour
 a - a +1 tower shield of reflection (worn)
 e - a +2 cloak of magic resistance (worn)
 h - the +5 troll leather armour of Okawaru's Delight {rElec rF- rC- rN+++ Regen+}
   (Okawaru gifted it to you on level 3 of the Depths)

   It makes you vulnerable to fire.
   It makes you vulnerable to cold.
   It insulates you from electricity.
   It renders you almost immune to negative energy.
   It increases your rate of regeneration.
 w - +12 gold dragon scales (worn)
 x - the +2 cloak "Disienn" {rPois rF+ rN+}
   (You found it on level 3 of the Elven Halls)

   It protects you from fire.
   It protects you from poison.
   It protects you from negative energy.
 A - the +6 pearl dragon scales of Vexation {rN+ rCorr Dex+4}
   (Okawaru gifted it to you on level 2 of the Vaults)

   It affects your dexterity (+4).
   It protects you from negative energy.
   It provides partial protection from all sources of acid and corrosion.
 C - the +2 hat "Pyofui" (worn) {*Drain +Inv Regen+ Int+3 Dex+3}
   (Okawaru gifted it to you on level 3 of the Vaults)

   It affects your intelligence (+3).
   It affects your dexterity (+3).
   It lets you turn invisible.
   It increases your rate of regeneration.
   It causes draining when unequipped.
 F - the +3 storm dragon scales of the Shore {rElec MR+ Regen+}
   (Okawaru gifted it to you on level 1 of the Depths)

   It insulates you from electricity.
   It affects your resistance to hostile enchantments.
   It increases your rate of regeneration.
 P - a +2 hat of see invisible
Jewellery
 g - an uncursed ring of protection from magic
 y - the ring "Vusib" (right claw) {rElec AC+3 Str+3 Int-3 Dex+3}
   (You took it off an imperial myrmidon in the Desolation of Salt)

   [ring of protection]

   It affects your AC (+3).
   It affects your strength (+3).
   It affects your intelligence (-3).
   It affects your dexterity (+3).
   It insulates you from electricity.
 D - the brooch of Shielding (around neck) {Reflect SH+8}
   (You bought it in a shop on level 1 of the Elven Halls)

   [amulet of reflection]

   It shields you and reflects attacks.
   It affects your SH (+8).
 H - the ring "Lesociq" {Int+5 Slay+4 SInv Stlth-}
   (You took it off a deep elf mage on level 5 of the Vaults)

   [ring of attention]

   It affects your intelligence (+5).
   It affects your accuracy and damage with ranged weapons and melee attacks
   (+4).
   It lets you see invisible.
   It makes you less stealthy.
 R - the ring "Idiehuff" {rPois rC++ Dex-2 Stlth-}
   (You found it in the Desolation of Salt)

   [ring of attention]

   It affects your dexterity (-2).
   It greatly protects you from cold.
   It protects you from poison.
   It makes you less stealthy.
 V - the ring "Vupneduzu" {rF+ MP+9}
   (You found it in the Desolation of Salt)

   [ring of protection from fire]

   It protects you from fire.
   It affects your magic capacity (+9).
 Y - the ring "Kejac" (left claw) {rC+ rN+ Str+5 Stlth+}
   (You found it on level 5 of the Vaults)

   [ring of strength]

   It affects your strength (+5).
   It protects you from cold.
   It protects you from negative energy.
   It makes you more stealthy.
Wands
 f - a wand of scattershot (4)
 q - a wand of clouds (18)
 G - a wand of digging (11)
 I - a wand of acid (12)
 M - a wand of iceblast (31)
 T - a wand of disintegration (17)
Scrolls
 b - 2 scrolls of summoning
 i - 21 scrolls of remove curse
 j - 26 scrolls of teleportation
 n - 7 scrolls of blinking
 p - 3 scrolls of immolation
 r - 7 scrolls of fear
 t - 9 scrolls of identify
 K - a scroll of holy word
 S - a scroll of silence
 X - 6 scrolls of fog
Potions
 c - 6 potions of might
 l - 12 potions of curing
 m - 15 potions of mutation
 o - 8 potions of berserk rage
 u - 13 potions of heal wounds
 v - 4 potions of cancellation
 z - 3 potions of invisibility
 B - 5 potions of haste
 E - 6 potions of ambrosia
 L - 2 potions of resistance
 Q - 4 potions of magic
 U - a potion of brilliance
Miscellaneous
 s - a lightning rod (4/4)
 N - a lamp of fire
 O - a box of beasts
 Z - 2 sacks of spiders
Comestibles
 d - 82 rations


   Skills:
 + Level 7.0 Fighting
 + Level 1.3 Throwing
 + Level 14.2 Armour
 + Level 11.5 Dodging
 - Level 0.3 Stealth
 + Level 26.1 Shields
 O Level 27 Unarmed Combat
   Level 10.1 Invocations
 * Level 17.3 Evocations


You had 26 spell levels left.
You didn't know any spells.
Your spell library contained the following spells:

 Spells                   Type           Power        Failure   Level  Hunger
 Animate Skeleton         Necr           N/A          96%         1    ##.....
 Apportation              Tloc           #.....       96%         1    ##.....
 Beastly Appendage        Tmut           #.....       96%         1    ##.....
 Corona                   Hex            #......      96%         1    ##.....
 Foxfire                  Conj/Fire      #...         96%         1    ##.....
 Freeze                   Ice            #...         96%         1    ##.....
 Infusion                 Chrm           #...         96%         1    ##.....
 Magic Dart               Conj           #...         96%         1    ##.....
 Pain                     Necr           #...         96%         1    ##.....
 Shock                    Conj/Air       #...         96%         1    ##.....
 Sting                    Tmut/Pois      #...         96%         1    ##.....
 Summon Butterflies       Summ           #.......     96%         1    ##.....
 Summon Small Mammal      Summ           #...         96%         1    ##.....
 Blink                    Tloc           N/A          99%         2    ###....
 Call Imp                 Summ           #.......     99%         2    ###....
 Corpse Rot               Necr/Air       N/A          99%         2    ###....
 Ensorcelled Hibernation  Hex/Ice        #.....       99%         2    ###....
 Passwall                 Tmut/Erth      #.......     99%         2    ###....
 Poisonous Vapours        Pois/Air       #.....       99%         2    ###....
 Searing Ray              Conj           #.....       99%         2    ###....
 Shroud of Golubria       Chrm/Tloc      #.....       99%         2    ###....
 Slow                     Hex            #.......     99%         2    ###....
 Song of Slaying          Chrm           #.......     99%         2    ###....
 Sticks to Snakes         Tmut           #.......     99%         2    ###....
 Sublimation of Blood     Necr           #.........   99%         2    ###....
 Swiftness                Chrm/Air       #.......     99%         2    ###....
 Call Canine Familiar     Summ           #.......     100%        3    ####...
 Conjure Flame            Conj/Fire      #.......     100%        3    ####...
 Dazzling Flash           Conj/Hex       #.....       100%        3    ####...
 Frozen Ramparts          Ice            #.....       100%        3    ####...
 Gell's Gravitas          Tloc           #.........   100%        3    ####...
 Ignite Poison            Fire/Tmut/Pois #.......     100%        3    ####...
 Inner Flame              Hex/Fire       #.......     100%        3    ####...
 Lesser Beckoning         Tloc           #.........   100%        3    ####...
 Mephitic Cloud           Conj/Pois/Air  #.......     100%        3    ####...
 Ozocubu's Armour         Chrm/Ice       #.......     100%        3    ####...
 Portal Projectile        Hex/Tloc       #.....       100%        3    ####...
 Recall                   Summ/Tloc      N/A          100%        3    ####...
 Spectral Weapon          Hex/Chrm       #.......     100%        3    ####...
 Spider Form              Tmut/Pois      #.........   100%        3    ####...
 Static Discharge         Conj/Air       #.......     100%        3    ####...
 Teleport Other           Tloc           #.......     100%        3    ####...
 Tukima's Dance           Hex            #.......     100%        3    ####...
 Vampiric Draining        Necr           #.........   100%        3    ####...
 Airstrike                Air            #.........   100%        4    #####..
 Animate Dead             Necr           N/A          100%        4    #####..
 Cause Fear               Hex            #.........   100%        4    #####..
 Dispel Undead            Necr           #.......     100%        4    #####..
 Fulminant Prism          Conj/Hex       #.........   100%        4    #####..
 Hailstorm                Conj/Ice       #.......     100%        4    #####..
 Ice Form                 Ice/Tmut       #.......     100%        4    #####..
 Iskenderun's Mystic Bla  Conj/Tloc      #.......     100%        4    #####..
 Leda's Liquefaction      Hex/Erth       #.........   100%        4    #####..
 Olgreb's Toxic Radiance  Pois           #.......     100%        4    #####..
 Petrify                  Tmut/Erth      #.......     100%        4    #####..
 Sticky Flame             Conj/Fire      #.......     100%        4    #####..
 Summon Ice Beast         Ice/Summ       #.......     100%        4    #####..
 Agony                    Necr           #.......     100%        5    ######.
 Alistair's Intoxication  Tmut/Pois      #.......     100%        5    ######.
 Blade Hands              Tmut           #.........   100%        5    ######.
 Bolt of Magma            Conj/Fire/Erth #.........   100%        5    ######.
 Borgnjor's Vile Clutch   Necr/Erth      #.........   100%        5    ######.
 Excruciating Wounds      Chrm/Necr      #.........   100%        5    ######.
 Fireball                 Conj/Fire      #.........   100%        5    ######.
 Irradiate                Conj/Tmut      #.........   100%        5    ######.
 Iskenderun's Battlesphe  Conj/Chrm      #.......     100%        5    ######.
 Lightning Bolt           Conj/Air       #.........   100%        5    ######.
 Metabolic Englaciation   Hex/Ice        #.........   100%        5    ######.
 Silence                  Hex/Air        #.........   100%        5    ######.
 Summon Mana Viper        Hex/Summ       #.......     100%        5    ######.
 Yara's Violent Unravell  Hex/Tmut       #.........   100%        5    ######.
 Darkness                 Hex            #.........   100%        6    #######
 Death Channel            Necr           #.........   100%        6    #######
 Deflect Missiles         Chrm/Air       #.........   100%        6    #######
 Eringya's Noxious Bog    Tmut/Pois      #.........   100%        6    #######
 Freezing Cloud           Conj/Ice/Air   #.........   100%        6    #######
 Hydra Form               Tmut           #.........   100%        6    #######
 Invisibility             Hex            #.......     100%        6    #######
 Iron Shot                Conj/Erth      #.........   100%        6    #######
 Ozocubu's Refrigeration  Ice            #.........   100%        6    #######
 Shadow Creatures         Summ           N/A          100%        6    #######
 Simulacrum               Ice/Necr       #.........   100%        6    #######
 Statue Form              Tmut/Erth      #........    100%        6    #######
 Dragon Form              Tmut           #.........   100%        7    #######
 Orb of Destruction       Conj           #.........   100%        7    #######
 Ring of Flames           Chrm/Fire      #.........   100%        7    #######
 Spellforged Servitor     Conj/Summ      #.........   100%        7    #######
 Summon Hydra             Summ           #.........   100%        7    #######
 Death's Door             Chrm/Necr      #.........   100%        8    #######
 Ignition                 Fire           #.........   100%        8    #######
 Shatter                  Erth           #.........   100%        9    #######
 Tornado                  Air            #.........   100%        9    #######
 Passage of Golubria      Tloc           Unusable     N/A         4    N/A

Dungeon Overview and Level Annotations

Branches:
Dungeon (15/15)            Temple (1/1) D:5            Lair (6/6) D:11
 Shoals (4/4) Lair:2       Spider (4/4) Lair:3        Slime (5/5) Lair:5
    Orc (2/2) D:9             Elf (3/3) Orc:2        Vaults (5/5) D:14
  Crypt (3/3) Vaults:2       Tomb (0/3) Crypt:3      Depths (5/5) D:15
    Zot (5/5) Depths:5    Ossuary (visited)          Bailey (visited)
  IceCv (visited)          WizLab (visited)         Desolation (visited)

Altars:
Ashenzari
Cheibriados
Dithmenos
Elyvilon
Fedhas
Gozag
Hepliaklqana
Kikubaaqudgha
Makhleb
Nemelex Xobeh
Okawaru
Qazlal
Ru
Sif Muna
Trog
Uskayaw
Vehumet
Wu Jian
Xom
Yredelemnul
Zin
The Shining One
Beogh
Jiyva

Shops:
D:8 !   D:9 [   Orc:2 (**?   Elf:1 (}=!?%=   Elf:2 (   Shoals:4 *
Vaults:1 [[(*   Vaults:5 [

Portals:
Hell: Depths:1 Depths:2 Depths:3 Depths:4 Depths:5
Abyss: Depths:2 Depths:3 Depths:4
Pandemonium: Depths:1 Depths:3 Depths:5
Ziggurat: Depths:5

Annotations:
Slime:5 Royal Jelly
Zot:4 Boris


Innate Abilities, Weirdness & Mutations

You are too large for most types of armour.
You have claws for hands.
Your metabolism is lightning-fast.
You like to eat raw meat.
You heal very quickly.
You are covered in thick fur. (AC +2)
You have extremely tough skin. (AC +3)
You are partially covered in molten scales. (AC +2)
You are partially covered in slimy green scales. (AC +2)
You have supernaturally acute eyesight. (SInv)
Your mind is very acute. (Int +4)
Your flesh is cold resistant. (rC+)
You are somewhat resistant to further mutation.
Your rubbery body absorbs attacks. (AC +1, EV +1)
Armour fits poorly on your pseudopods.
Your translucent skin reduces your foes' accuracy. (Stealth)


Message History

Jiyva's power touches on your attributes.
You feel stronger.
You feel clumsy.
Evoke which item? (* to show all) (? for menu, Esc to quit)
Aiming: Dig
Press: ? - help, Shift-Dir - straight line A rock wall.
This square is covered in magical glow.
The rock shatters into small pieces.
Evoke which item? (* to show all) (? for menu, Esc to quit)
Aiming: Dig
Press: ? - help, Shift-Dir - straight line A rock wall.
This square is covered in magical glow.
The rock shatters into small pieces.
There is a staircase leading out of the dungeon here.
Jiyva's power touches on your attributes.
You feel clever.
You feel weaker.
You have escaped!

#.#.#######(.# #..# #.#.###
##.# #..########
#.#...######.######..........
#.#####≈≈≈≈♣.♣≈≈≈≈#..########
#.# #≈...♣.♣...≈#.##
#.#####≈.P.....♣.≈#.#
#.....#≈PPP...♣♣♣≈#.#########
#.###.#♣.P.....♣.♣...........
##.###...(...@.......#########
####...####♣.P.......♣#......#
# .......#
#≈PPP......≈######.# #
..##...# #≈.P.......≈# #.# #
...##.## #≈≈≈≈♣.♣≈≈≈≈# #.# #
...##÷# ######.###### #.# #
.#.##.# #...# #.# #÷# #
.#.##.# #..## #.# #.####
.#.##.# #.#####.#######(..).


There were no monsters in sight!

Vanquished Creatures
  Mennas (Depths:4)
  5 orbs of fire
  Mara (Vaults:2)
  7 ancient liches
  A juggernaut (Zot:5)
  Boris (twice) (Vaults:2 Depths:3)
  A shard shrike (Zot:5)
  4 Killer Klowns (Zot:5)
  Frederick (Depths:5)
  Bai Suzhen (Crypt:2)
  Saint Roka (Vaults:1)
  Xtahua (Vaults:3)
  5 caustic shrikes (Depths:5)
  10 golden dragons
  2 curse toes
  Jory (Vaults:2)
  A bone dragon (Depths:5)
  4 electric golems
  12 tentacled monstrosities
  Jorgrun (Orc:1)
  3 quicksilver dragons
  5 deep elf blademasters
  26 Orb Guardians
  22 titans
  2 liches
  Frances (D:14)
  6 deep elf master archers
  5 death cobs
  A storm dragon (shapeshifter) (Depths:2)
  11 tengu reavers
  6 shadow dragons
  Kirke (Spider:3)
  6 sphinxes
  4 ancient champions
  14 draconian monks
  3 revenants (Crypt:1)
  13 storm dragons
  Roxanne (D:14)
  2 iron dragons
  23 fire giants
  4 deep elf sorcerers
  The ghost of sixsigma the Fencer, a journeyman MiFi of Yredelemnul (Shoals:1)
  21 frost giants
  3 draconian knights
  3 orc warlords
  5 ghost moths
  25 vault wardens
  2 balrugs
  2 imperial myrmidons (Desolation)
  3 curse skulls
  Aizul (Spider:2)
  4 draconian annihilators
  15 ironheart preservers
  2 emperor scorpions (Spider:4)
  5 draconian shifters
  3 deep elf elementalists (Elf:3)
  2 draconian stormcallers
  4 draconian scorchers
  A spriggan defender (Depths:4)
  29 stone giants
  3 ghouls
  A juggernaut skeleton (Depths:3)
  7 war gargoyles
  A stone giant (shapeshifter) (Depths:2)
  8 entropy weavers
  34 very ugly things
  7 green draconians
  10 black draconians
  8 vampire knights
  8 deep elf demonologists
  A dire elephant (Lair:2)
  23 purple draconians
  9 yellow draconians
  9 spark wasps
  8 deep elf annihilators (Elf:3)
  13 red draconians
  4 halazid warlocks (Desolation)
  3 eidola
  20 white draconians
  12 ettins
  An ettin (shapeshifter) (Depths:2)
  6 merfolk javelineers
  9 statues (WizLab)
  2 blizzard demons
  11 deep elf death magi
  5 jiangshi
  14 crystal guardians
  A quicksilver dragon zombie (Crypt:2)
  13 yaktaur captains
  6 deep elf high priests
  8 merfolk impalers
  11 ogre magi
  13 fire dragons
  8 ragged hierophants (Desolation)
  3 peacekeepers (Desolation)
  3 great orbs of eyes
  Harold (Orc:1)
  A quicksilver dragon skeleton (Crypt:2)
  A great orb of eyes (shapeshifter) (Depths:3)
  A monstrous demonspawn (D:8)
  4 rakshasas
  11 ice dragons
  30 vault guards
  5 spriggan air magi
  The ghost of Gibetzo the Magician, a journeyman GnSk of Okawaru (Lair:2)
  5 death knights
  6 servants of whispers (Desolation)
  A catoblepas (shapeshifter) (Depths:2)
  3 merfolk avatars
  7 hydras
  5 merfolk aquamancers
  2 hydras (shapeshifter)
  4 catoblepae
  10 death yaks
  10 centaur warriors
  45 dancing weapons
  29 two-headed ogres
  5 deep troll shamans
  3 orc high priests (Orc:2)
  8 vampire magi
  3 alligator snapping turtles
  10 tengu warriors
  4 deep troll earth magi
  A death yak (shapeshifter) (Depths:2)
  Nergalle (D:12)
  A titan zombie (Crypt:2)
  8 spriggan berserkers
  A soul eater (Crypt:3)
  Sonja (Lair:5)
  An iron golem (Depths:2)
  2 storm dragon zombies
  2 wretched stars (Abyss:2)
  33 deep elf knights
  2 sixfirhies
  17 skeletal warriors
  8 hell knights
  2 sun demons (Depths:1)
  3 shadow wraiths
  A salamander mystic (Depths:4)
  5 unseen horrors
  9 sea snakes
  A swamp dragon (shapeshifter) (D:14)
  3 flayed ghosts
  6 glowing orange brains
  An orange crystal statue (Elf:2)
  A lindwurm (Lair:2)
  4 obsidian statues
  A kraken simulacrum (Shoals:4)
  5 wizards
  19 deep trolls
  6 phantasmal warriors
  25 deep elf archers
  19 ironbrand convokers
  23 harpies
  9 necromancers
  26 orc knights
  2 orb spiders (shapeshifter)
  The ghost of bmj180 the Conjurer, a novice DrCj of Vehumet (D:5)
  2 frost giant zombies
  A glowing shapeshifter (Depths:2)
  11 orc sorcerers
  A fire giant zombie (Crypt:2)
  4 salamanders (Depths:4)
  86 deep elf magi
  5 iron dragon zombies
  15 orb spiders
  2 sphinx skeletons
  A wolf spider zombie (Crypt:1)
  10 fauns
  4 oklob plants (Lair:6)
  8 cyclopes
  30 wolf spiders
  9 elephants (Lair:2)
  48 ugly things
  A moth of wrath (shapeshifter) (Vaults:3)
  2 salamanders (shapeshifter)
  A black mamba (shapeshifter) (D:15)
  4 guardian serpents (Desolation)
  17 manticores
  23 moths of wrath
  2 rust devils
  2 water nymphs (shapeshifter) (Depths:2)
  2 ice statues (IceCv)
  8 merfolk sirens
  5 water nymphs
  2 molten gargoyles (Depths:2)
  9 gargoyles
  16 vault sentinels
  A guardian serpent (shapeshifter) (Depths:1)
  3 smoke demons (Abyss:2)
  8 spiny frogs
  A storm dragon simulacrum (Vaults:3)
  2 shock serpent skeletons (Crypt:1)
  4 torpor snails (Lair:3)
  5 rime drakes
  An efreet (Abyss:2)
  2 human zombies (Vaults:2)
  30 yaktaurs
  An emperor scorpion zombie (Crypt:3)
  10 freezing wraiths
  8 demonic crawlers
  2 komodo dragons (shapeshifter)
  9 komodo dragons
  A harpy zombie (D:15)
  2 ancient zymes (Abyss:2)
  4 tengu conjurers
  2 red devils
  19 jumping spiders
  31 merfolk
  A red draconian skeleton (Crypt:2)
  A merfolk (shapeshifter) (Depths:5)
  A hydra zombie (Crypt:1)
  17 hornets
  17 blink frogs
  Prince Ribbit (Lair:3)
  A hydra skeleton (Abyss:2)
  12 trolls
  3 polar bears
  9 wind drakes
  9 dream sheep
  A slime creature (shapeshifter) (Depths:1)
  11 raiju
  55 saltlings (Desolation)
  3 snapping turtles
  2 fire giant simulacra
  27 slime creatures
  4 bog bodies
  A meliai zombie (D:15)
  8 hippogriffs
  An ice dragon skeleton (Vaults:1)
  A human simulacrum (Vaults:1)
  7 air elementals
  65 redbacks
  5 small abominations
  4 spriggans
  4 flying skulls (Crypt:2)
  45 yaks
  A spriggan (shapeshifter) (Depths:5)
  A tarantella (shapeshifter) (Depths:4)
  26 tarantellas
  The ghost of VincentAMV the Poker, an amateur NaFi (D:4)
  18 water elementals
  9 large abominations
  A ynoxinul (D:4)
  3 shadows
  3 humans (shapeshifter)
  7 wraiths
  10 fire elementals
  3 basilisks
  2 wyverns
  2 golden eyes (Abyss:2)
  A chaos spawn (Depths:3)
  A green draconian simulacrum (Crypt:1)
  A hungry ghost (D:13)
  A neqoxec (Abyss:2)
  A human (Spider:4)
  Menkaure (D:7)
  4 acid dragons
  2 insubstantial wisps (Depths:2)
  7 wargs
  2 soldier ants (shapeshifter) (Vaults:2)
  Duvessa (D:7)
  A floating eye (shapeshifter) (Depths:2)
  13 water moccasins
  A water moccasin (shapeshifter) (Depths:2)
  14 porcupines
  58 orc warriors
  16 ice beasts
  6 sky beasts
  A spiny frog skeleton (Crypt:1)
  5 starcursed masses (Abyss:2)
  2 eyes of draining
  A black bear (D:11)
  30 ogres
  35 wolves
  2 necrophages
  A phantom (D:7)
  3 boggarts
  17 centaurs
  A manticore zombie (Crypt:1)
  A manticore skeleton (Crypt:1)
  A blink frog skeleton (Crypt:3)
  12 crocodiles
  A big kobold (shapeshifter) (Vaults:4)
  8 bullfrogs
  A komodo dragon zombie (Crypt:3)
  An octopode zombie (Crypt:1)
  A glowing shapeshifter simulacrum (Depths:3)
  2 gnoll sergeants
  4 earth elementals
  A wyvern zombie (D:10)
  2 water moccasin zombies (Ossuary)
  A wyvern skeleton (D:14)
  A komodo dragon skeleton (Crypt:2)
  Dowan (D:7)
  3 scorpions
  A water moccasin skeleton (Crypt:1)
  13 killer bees
  A killer bee (shapeshifter) (Depths:2)
  21 wights
  A troll skeleton (Crypt:3)
  14 electric eels
  2 howler monkeys
  5 crimson imps
  2 bullfrog zombies
  2 quasits
  A yaktaur simulacrum (Vaults:1)
  8 jellies
  4 bullfrog skeletons
  6 hounds
  2 centaur skeletons
  25 orc priests
  30 orc wizards
  An iron imp (Abyss:2)
  A demonspawn skeleton (Crypt:2)
  2 iguanas
  4 worker ants
  Natasha (thrice) (D:3)
  A basilisk skeleton (Crypt:2)
  A hell rat (Lair:6)
  2 big kobold zombies (Ossuary)
  A centaur simulacrum (D:9)
  A naga zombie (Crypt:2)
  2 mummies (Ossuary)
  A howler monkey zombie (D:6)
  A worker ant zombie (Crypt:1)
  11 adders
  14 gnolls
  4 river rats (Lair:6)
  An ogre simulacrum (Crypt:2)
  3 shadow imps
  A white imp (Depths:5)
  A worker ant simulacrum (D:9)
  An ooze (D:1)
  9 adder zombies (Ossuary)
  2 halfling skeletons (Crypt:3)
  A lava snake skeleton (Crypt:1)
  2 worms
  2 dart slugs (D:1)
  An adder simulacrum (D:9)
  6 leopard geckos
  122 orcs
  9 bats
  12 giant cockroaches
  5 gnoll zombies (Ossuary)
  8 hobgoblins
  12 jackals
  A quokka (D:5)
  4 ball pythons
  4 frilled lizards
  10 goblins
  A hobgoblin skeleton (Crypt:3)
  7 hobgoblin zombies (Ossuary)
  11 kobolds
  7 kobold zombies (Ossuary)
  3 orc zombies
  A quokka skeleton (D:9)
  14 rats
  A bush (Lair:2)
  6 crawling corpses
  A lurking horror (Abyss:2)
  4 plants
2731 creatures vanquished.

Vanquished Creatures (collateral kills)
  A deep elf master archer (Vaults:5)
  A stone giant (Vaults:5)
  An ogre mage (Vaults:4)
  A two-headed ogre (Vaults:4)
  2 ogres (Vaults:4)
6 creatures vanquished.

Vanquished Creatures (others)
  Nikola (Spider:3)
  3 deep elf master archers
  A storm dragon (Vaults:5)
  3 ironheart preservers
  3 stone giants
  A war gargoyle (Depths:2)
  A deep elf death mage (Vaults:5)
  4 yaktaur captains
  A centaur warrior (D:13)
  A dancing weapon (Vaults:5)
  2 satyrs (Shoals:4)
  A tengu warrior (Depths:3)
  A deep elf knight (Elf:3)
  A deep elf archer (Elf:3)
  A wizard (Vaults:1)
  3 deep elf magi
  A wolf spider (shapeshifter) (Vaults:5)
  A cyclops (D:15)
  A faun (Shoals:4)
  8 yaktaurs
  A freezing wraith (Vaults:1)
  A troll (Vaults:5)
  A saltling (Desolation)
  A dream sheep (Shoals:2)
  A dream sheep (shapeshifter) (Vaults:5)
  2 floating eyes (shapeshifter)
  A boggart (Depths:4)
  9 centaurs
  106 jellies
  2 electric eels (Elf:3)
  An orc wizard (Vaults:1)
  11 ball lightnings (Depths:2)
  3 orcs (Vaults:5)
  9 kobolds (Bailey)
  35 fungi
  14 plants
  12 tentacles
  10 toadstools
259 creatures vanquished.

Grand Total: 2996 creatures vanquished

Notes
Turn   | Place    | Note
-------+----------+-------------------------------------------
     0 | D:1      | Inarius the Troll Fighter began the quest for the Orb.
     0 | D:1      | Reached XP level 1. HP: 22/22 MP: 0/0
     0 | D:1      | Upgraded the game from 0.25-a0-632-g7713895373 to
                  | 0.25-a0-647-gd602d06ee1
    24 | D:1      | Reached XP level 2. HP: 28/29 MP: 1/1
   379 | D:1      | Reached XP level 3. HP: 32/36 MP: 2/2
   724 | D:2      | Found an ancient bone altar of Kikubaaqudgha.
   806 | D:2      | Reached skill level 3 in Unarmed Combat
   832 | D:2      | Reached XP level 4. HP: 29/44 MP: 3/3
  1075 | D:2      | Reached XP level 5. HP: 50/50 MP: 4/4
  1113 | D:2      | Reached skill level 4 in Unarmed Combat
  1117 | D:2      | Found a white marble altar of Elyvilon.
  1120 | D:2      | Found a glowing golden altar of the Shining One.
  1121 | D:2      | Found a glowing silver altar of Zin.
  1602 | D:3      | Noticed Natasha
  1612 | D:3      | Killed Natasha
  1633 | D:3      | Noticed Natasha
  1643 | D:3      | Killed Natasha
  1870 | D:3      | Reached skill level 5 in Unarmed Combat
  1870 | D:3      | Reached XP level 6. HP: 52/59 MP: 5/5
  2048 | D:3      | Noticed Natasha
  2060 | D:3      | Killed Natasha
  2297 | D:4      | Found a runed translucent door.
  2298 | D:4      | Noticed VincentAMV's ghost (amateur NaFi)
  2465 | D:5      | Entered Level 5 of the Dungeon
  2673 | D:5      | Found a blossoming altar of Fedhas.
  2803 | D:5      | Noticed a sky beast
  2823 | D:5      | Killed a sky beast
  2827 | D:5      | Found a runed translucent door.
  2828 | D:5      | Noticed bmj180's ghost (novice DrCj)
  2863 | D:5      | Reached skill level 6 in Unarmed Combat
  2869 | D:5      | Reached XP level 7. HP: 66/66 MP: 6/6
  3094 | D:5      | Found a staircase to the Ecumenical Temple.
  3103 | Temple   | Entered the Ecumenical Temple
  3136 | Temple   | Became a worshipper of Warmaster Okawaru
  3240 | D:5      | Found a shimmering blue altar of Sif Muna.
  3427 | D:6      | Reached skill level 7 in Unarmed Combat
  3431 | D:6      | Reached skill level 1 in Invocations
  3463 | D:5      | Reached * piety under Okawaru
  3463 | D:5      | Reached skill level 1 in Evocations
  3463 | D:5      | Reached XP level 8. HP: 61/74 MP: 7/7
  3847 | D:6      | Reached skill level 8 in Unarmed Combat
  4001 | D:7      | Found a sand-covered staircase.
  4011 | Ossuary  | Entered an ossuary
  4403 | D:7      | Reached ** piety under Okawaru
  4469 | D:7      | Noticed Menkaure
  4471 | D:7      | Killed Menkaure
  4471 | D:7      | Reached skill level 9 in Unarmed Combat
  4610 | D:7      | Reached XP level 9. HP: 81/81 MP: 9/9
  4693 | D:7      | Noticed Dowan
  4694 | D:7      | Noticed Duvessa
  4702 | D:7      | Killed Duvessa
  4709 | D:7      | Killed Dowan
  4995 | D:8      | Found a shimmering blue altar of Sif Muna.
  5112 | D:8      | Found a stormy altar of Qazlal.
  5337 | D:8      | Found Qeruofo's Distillery.
  5342 | D:8      | Bought a potion of mutation for 96 gold pieces
  5342 | D:8      | Bought a potion of resistance for 120 gold pieces
  5738 | D:8      | Bought a potion of heal wounds for 60 gold pieces
  5738 | D:8      | Bought a potion of heal wounds for 60 gold pieces
  5921 | D:9      | Reached skill level 10 in Unarmed Combat
  6041 | D:9      | Found Duypuo's Armour Shoppe.
  6109 | D:9      | Reached *** piety under Okawaru
  6435 | D:9      | Reached skill level 5 in Shields
  6453 | D:9      | Noticed a polar bear
  6461 | D:9      | Noticed a death yak
  6729 | D:9      | Killed a death yak
  6729 | D:9      | Reached **** piety under Okawaru
  6729 | D:9      | Reached skill level 11 in Unarmed Combat
  6729 | D:9      | Reached XP level 10. HP: 78/91 MP: 11/11
  6875 | D:9      | Found a staircase to the Orcish Mines.
  7215 | D:10     | Entered Level 10 of the Dungeon
  7222 | D:10     | Found an iron altar of Okawaru.
  7397 | D:10     | Noticed a two-headed ogre
  7411 | D:10     | Killed a two-headed ogre
  7411 | D:10     | Reached ***** piety under Okawaru
  7446 | D:10     | Received a gift from Okawaru
  7446 | D:10     | Reached skill level 12 in Unarmed Combat
  7546 | D:10     | Found a flagged portal.
  7573 | Bailey   | Entered a bailey
  7592 | Bailey   | Noticed an orc warlord
  7717 | Bailey   | Found a runed translucent gate.
  7719 | Bailey   | Found a runed translucent gate.
  7721 | Bailey   | Found a runed translucent gate.
  7728 | Bailey   | Noticed an orc knight
  7765 | Bailey   | Killed an orc knight
  7839 | Bailey   | Killed an orc warlord
  7839 | Bailey   | Reached skill level 5 in Dodging
  7839 | Bailey   | Reached XP level 11. HP: 53/97 MP: 13/13
  7866 | Bailey   | Identified a scroll of acquirement
  7877 | Bailey   | Got a faintly glowing war axe
  8181 | D:10     | Reached skill level 13 in Unarmed Combat
  8362 | D:10     | Received a gift from Okawaru
  8432 | D:11     | Noticed a two-headed ogre
  8440 | D:10     | Killed a two-headed ogre
  8566 | D:11     | Noticed a tengu warrior
  8589 | D:11     | Noticed a four-headed hydra
  8614 | D:11     | Noticed a green ugly thing
  8792 | D:11     | Noticed a red ugly thing
  8812 | D:11     | Killed a brown ugly thing
  8812 | D:11     | Reached skill level 14 in Unarmed Combat
  8870 | D:11     | Killed a tengu warrior
  9031 | D:11     | Identified the +2 war axe of Breach {flame, rC++ Dex+2}
                  | (You found it in a bailey)
  9051 | D:11     | Found a staircase to the Lair.
  9078 | D:11     | Killed an unseen horror
  9078 | D:11     | Received a gift from Okawaru
  9078 | D:11     | Reached ****** piety under Okawaru
  9078 | D:11     | Reached skill level 5 in Invocations
  9295 | Lair:1   | Entered Level 1 of the Lair of Beasts
  9390 | Lair:1   | Reached skill level 5 in Evocations
  9402 | Lair:1   | Reached skill level 15 in Unarmed Combat
  9409 | Lair:1   | Reached XP level 12. HP: 84/107 MP: 14/14
 10148 | Lair:2   | Noticed an eight-headed hydra
 10250 | Lair:2   | Received a gift from Okawaru
 10415 | Lair:2   | Killed an eight-headed hydra
 10435 | Lair:2   | Found a staircase to the Shoals.
 10583 | Lair:2   | Reached skill level 16 in Unarmed Combat
 10939 | Lair:2   | Noticed a dire elephant
 10959 | Lair:2   | Found a runed translucent door.
 11101 | Lair:2   | Found a runed translucent gate.
 11101 | Lair:2   | Found a runed translucent gate.
 11101 | Lair:2   | Found a runed translucent gate.
 11172 | Lair:2   | Found a viscous altar of Jiyva.
 11172 | Lair:2   | Noticed Gibetzo's ghost (journeyman GnSk)
 11173 | Lair:2   | Found the cursed +13 scythe of Curses {drain, *Curse}
 11339 | Lair:2   | Received a gift from Okawaru
 11342 | Lair:2   | Got an ancient broad axe {god gift}
 11343 | Lair:2   | Identified the +3 broad axe of Distant Shores {antimagic,
                  | rF- Str+4 Dex+5} (Okawaru gifted it to you on level 2 of
                  | the Lair of Beasts)
 11630 | Lair:2   | Killed a dire elephant
 11835 | Lair:3   | Reached skill level 17 in Unarmed Combat
 11855 | Lair:3   | Noticed Prince Ribbit
 11876 | Lair:3   | Killed Prince Ribbit
 11975 | Lair:3   | Found a hole to the Spider Nest.
 11989 | Lair:3   | Reached XP level 13. HP: 114/114 MP: 16/16
 12014 | Lair:3   | Received a gift from Okawaru
 12602 | Lair:3   | Found a snail-covered altar of Cheibriados.
 14413 | Lair:5   | Noticed Sonja
 14423 | Lair:5   | Killed Sonja
 14496 | Lair:5   | Found a staircase to the Slime Pits.
 14511 | Lair:5   | Found a viscous altar of Jiyva.
 14930 | Lair:5   | Received a gift from Okawaru
 14933 | Lair:5   | Got a dull robe {god gift}
 14944 | Lair:5   | Identified the +0 robe of the Townfolk {*Corrode rC+ rN++
                  | SInv} (Okawaru gifted it to you on level 5 of the Lair of
                  | Beasts)
 15187 | Lair:6   | Entered Level 6 of the Lair of Beasts
 16000 | Lair:6   | Reached skill level 18 in Unarmed Combat
 16013 | Lair:6   | Reached XP level 14. HP: 29/123 MP: 18/18
 16246 | Lair:6   | Reached skill level 1 in Armour
 16997 | Lair:6   | Got a slimy gossamer ring
 17005 | Lair:6   | Identified the ring of Sin {rPois MP+9} (You found it on
                  | level 6 of the Lair of Beasts)
 17272 | D:11     | Received a gift from Okawaru
 17350 | D:11     | Found a glowing golden altar of the Shining One.
 17488 | Orc:1    | Entered Level 1 of the Orcish Mines
 17529 | Orc:1    | Noticed Jorgrun
 17549 | Orc:1    | Killed Jorgrun
 18298 | Orc:1    | Noticed an orc warlord
 18298 | Orc:1    | Noticed an orc warlord
 18334 | Orc:1    | Killed an orc warlord
 18344 | Orc:1    | Killed an orc warlord
 18469 | Orc:1    | Identified the cursed +3 scythe "Lyara" {venom, rF- Dex+7}
 18745 | Orc:1    | Noticed Harold
 18756 | Orc:1    | Killed Harold
 18891 | Orc:2    | Entered Level 2 of the Orcish Mines
 19184 | Orc:2    | Found a staircase to the Elven Halls.
 19554 | Orc:2    | Reached skill level 19 in Unarmed Combat
 19663 | Orc:2    | Gained mutation: You have sharp toenails. [a neqoxec]
 19921 | Orc:1    | Received a gift from Okawaru
 20053 | Orc:2    | Found a roughly hewn altar of Beogh.
 20193 | Orc:2    | Reached XP level 15. HP: 130/130 MP: 20/20
 20251 | Orc:2    | Found Xauvuff's Antique Weapon Shoppe.
 20251 | Orc:2    | Found Nopselaunt's Magic Scroll Boutique.
 20253 | Orc:2    | Found Pevudgh's General Store.
 20253 | Orc:2    | Found Leletod's Assorted Antiques.
 20264 | Orc:2    | Bought a scroll of blinking for 90 gold pieces
 20264 | Orc:2    | Bought a scroll of identify for 24 gold pieces
 20264 | Orc:2    | Bought a scroll of identify for 24 gold pieces
 20264 | Orc:2    | Bought a scroll of random uselessness for 12 gold pieces
 20269 | Orc:2    | Bought a scroll of vulnerability for 90 gold pieces
 20272 | Orc:2    | Bought 2 scrolls labeled QOLIRPHOIRI for 60 gold pieces
 20273 | Orc:2    | Bought a scroll of identify for 28 gold pieces
 20273 | Orc:2    | Bought a scroll of identify for 28 gold pieces
 20273 | Orc:2    | Bought a scroll of identify for 28 gold pieces
 20276 | Orc:2    | Reached XP level 16. HP: 137/137 MP: 21/21
 20283 | Orc:2    | Bought a runed scarf for 240 gold pieces
 20382 | D:9      | Bought +2 swamp dragon scales for 992 gold pieces
 20509 | Spider:1 | Entered Level 1 of the Spider Nest
 20704 | Lair:3   | Received a gift from Okawaru
 21926 | Spider:2 | Noticed Aizul
 21948 | Spider:2 | Killed Aizul
 23079 | Spider:3 | Noticed Nikola
 23106 | Spider:3 | Killed Nikola
 23106 | Spider:3 | Reached skill level 10 in Shields
 23763 | Shoals:1 | Entered Level 1 of the Shoals
 23804 | Shoals:1 | Reached skill level 20 in Unarmed Combat
 23833 | Shoals:1 | Received a gift from Okawaru
 24048 | Shoals:1 | Found a large runed translucent door.
 24048 | Shoals:1 | Found a large runed translucent door.
 24049 | Shoals:1 | Noticed sixsigma's ghost (journeyman MiFi)
 24260 | Shoals:1 | Noticed a titan
 24313 | Shoals:1 | Killed a titan
 24313 | Shoals:1 | Reached skill level 5 in Armour
 24410 | Shoals:1 | Reached XP level 17. HP: 133/146 MP: 20/23
 24513 | Shoals:1 | Killed sixsigma's ghost
 25396 | Shoals:2 | Received a gift from Okawaru
 25402 | Shoals:2 | Got a shimmering robe {god gift}
 25414 | Shoals:2 | Identified the +0 robe of the Armoured One {Int+4} (Okawaru
                  | gifted it to you on level 2 of the Shoals)
 25544 | Shoals:2 | Found an iron altar of Okawaru.
 25556 | Shoals:2 | Noticed a kraken
 27067 | Shoals:4 | Entered Level 4 of the Shoals
 27067 | Shoals:4 | Found Otoguvy's Assorted Antiques.
 27768 | Shoals:4 | Bought a scroll of magic mapping for 77 gold pieces
 27989 | Shoals:4 | Reached skill level 21 in Unarmed Combat
 28656 | Shoals:4 | Received a gift from Okawaru
 29060 | Shoals:4 | Identified the Papyrus of the Assistive Snowflakes
 29132 | Shoals:4 | Got a barnacled rune of Zot
 29557 | Spider:4 | Entered Level 4 of the Spider Nest
 29557 | Spider:4 | Noticed Kirke
 29583 | Spider:3 | Killed Kirke
 29583 | Spider:3 | Reached skill level 10 in Invocations
 29699 | Spider:4 | Reached XP level 18. HP: 118/154 MP: 18/24
 30124 | Spider:4 | Received a gift from Okawaru
 30388 | Spider:4 | Reached skill level 1 in Throwing
 30715 | Spider:4 | Received a gift from Okawaru
 30824 | Spider:4 | Got a gossamer rune of Zot
 31495 | D:12     | Noticed Nergalle
 31506 | D:12     | Killed Nergalle
 31956 | D:4      | Killed VincentAMV's ghost
 32014 | D:5      | Killed bmj180's ghost
 32213 | Lair:2   | Killed Gibetzo's ghost
 32302 | D:13     | Found a frozen archway.
 32328 | IceCv    | Entered an ice cave
 32329 | IceCv    | Found a transporter.
 32375 | IceCv    | Found a transporter.
 33686 | D:14     | Identified Roxanne's Papyrus of Earth
 33686 | D:14     | Noticed Roxanne
 33692 | D:14     | Killed Roxanne
 33904 | D:14     | Reached skill level 22 in Unarmed Combat
 33955 | D:14     | Found a basalt altar of Yredelemnul.
 34051 | D:14     | Found a gate to the Vaults.
 34177 | D:14     | Noticed Frances
 34185 | D:14     | Killed Frances
 34226 | D:14     | Received a gift from Okawaru
 34637 | D:14     | Cast into level 2 of the Abyss (a wizard)
 34690 | Abyss:2  | Gained mutation: Scrolls take you a little longer to read.
                  | [a neqoxec]
 34718 | Abyss:2  | Found a corrupted altar of Lugonu.
 34811 | Abyss:2  | Received a gift from Okawaru
 34962 | Abyss:2  | Lost intelligence.
 34999 | Abyss:2  | Found a corrupted altar of Lugonu.
 35163 | Abyss:2  | Received a gift from Okawaru
 35192 | D:14     | Escaped the Abyss
 35579 | D:15     | Entered Level 15 of the Dungeon
 35594 | D:14     | Lost mutation: Scrolls take you a little longer to read.
                  | [potion of mutation]
 35594 | D:14     | Lost mutation: You have sharp toenails. [potion of
                  | mutation]
 35594 | D:14     | Gained mutation: Your spells are a little easier to cast,
                  | but a little less powerful. [potion of mutation]
 35594 | D:14     | Gained mutation: Your flesh is cold resistant. (rC+)
                  | [potion of mutation]
 35616 | D:15     | Reached XP level 19. HP: 110/162 MP: 16/25
 35827 | D:15     | Received a gift from Okawaru
 35868 | D:15     | Found a staircase to the Depths.
 36012 | D:15     | Reached skill level 10 in Evocations
 36685 | Elf:1    | Entered Level 1 of the Elven Halls
 36696 | Elf:1    | Found an ancient bone altar of Kikubaaqudgha.
 36885 | Elf:1    | Found Utifeid's Food Shoppe.
 36893 | Elf:1    | Found Tacad's Magic Scroll Emporium.
 36894 | Elf:1    | Found Wigixil's Distillery.
 36907 | Elf:1    | Bought 2 potions of mutation for 192 gold pieces
 37141 | Elf:1    | Found Mulu's Jewellery Emporium.
 37151 | Elf:1    | Found Diuwac's Jewellery Shoppe.
 37395 | Elf:1    | Received a gift from Okawaru
 37436 | Elf:1    | Found Nejaom's Gadget Boutique.
 37457 | Elf:1    | Found Bovohun's Weapon Boutique.
 37752 | Elf:2    | Found Poacwyi's Antique Weapon Emporium.
 37815 | Elf:2    | Found an ancient bone altar of Kikubaaqudgha.
 37833 | Elf:2    | Reached skill level 23 in Unarmed Combat
 38015 | Elf:2    | Found a runed translucent gate.
 38015 | Elf:2    | Found a runed translucent gate.
 38016 | Elf:2    | Found a runed translucent gate.
 38533 | Elf:3    | Entered Level 3 of the Elven Halls
 38566 | Elf:1    | Bought the brooch of Shielding {Reflect SH+8} for 1807 gold
                  | pieces
 38566 | Elf:1    | Found the brooch of Shielding {Reflect SH+8}
 38722 | Vaults:1 | Entered Level 1 of the Vaults
 39133 | Vaults:1 | Found Roenk's General Store.
 39663 | Vaults:1 | Found Kekionga's Weapon Shoppe.
 39751 | Vaults:1 | Found Jekhefara's Antique Armour Boutique.
 39751 | Vaults:1 | Noticed Saint Roka
 39772 | Vaults:1 | Killed Saint Roka
 39772 | Vaults:1 | Received a gift from Okawaru
 39772 | Vaults:1 | Reached skill level 24 in Unarmed Combat
 39840 | Vaults:1 | Found Casom's Armour Emporium.
 40067 | Vaults:1 | Reached XP level 20. HP: 45/170 MP: 26/26
 40526 | Vaults:2 | Noticed Mara
 40555 | Vaults:2 | Noticed Inarius's illusion
 40622 | Vaults:2 | Noticed Boris
 40639 | Vaults:2 | Killed Boris
 40648 | Vaults:2 | Noticed Jory
 40668 | Vaults:2 | Killed Jory
 41194 | Vaults:2 | Noticed Inarius's illusion
 41203 | Vaults:2 | Noticed Inarius's illusion
 41213 | Vaults:2 | Noticed Inarius's illusion
 41215 | Vaults:2 | Killed Mara
 41215 | Vaults:2 | Received a gift from Okawaru
 41220 | Vaults:2 | Got heavily runed pearl dragon scales {god gift}
 41233 | Vaults:2 | Identified the +6 pearl dragon scales of Vexation {rN+
                  | rCorr Dex+4} (Okawaru gifted it to you on level 2 of the
                  | Vaults)
 41309 | Vaults:2 | Found a staircase to the Crypt.
 41822 | Vaults:3 | Reached skill level 25 in Unarmed Combat
 41994 | Vaults:3 | Reached skill level 5 in Fighting
 42242 | Vaults:3 | Noticed Xtahua
 42252 | Vaults:3 | Paralysed by Xtahua for 2 turns
 42279 | Vaults:3 | Killed Xtahua
 43005 | Vaults:3 | Received a gift from Okawaru
 43023 | Vaults:3 | Got a bloodstained hat {god gift}
 43034 | Vaults:3 | Identified the +2 hat "Pyofui" {*Drain +Inv Regen+ Int+3
                  | Dex+3} (Okawaru gifted it to you on level 3 of the Vaults)
 43220 | Vaults:3 | Reached XP level 21. HP: 178/179 MP: 28/28
 43614 | Vaults:4 | Found a magical portal.
 44097 | WizLab   | Identified Iskenderun's Tome of Arcane Weapons
 44097 | WizLab   | Identified Iskenderun's Tome of Conjuration
 44113 | WizLab   | Reached skill level 26 in Unarmed Combat
 44114 | WizLab   | Identified the Incunabulum of Transmutation and Earth
 44181 | Vaults:4 | Found a ruined gateway.
 44190 | Desolati | Entered the Desolation of Salt
 44285 | Desolati | Received a gift from Okawaru
 44637 | Desolati | Identified the ring "Vusib" {rElec AC+3 Str+3 Int-3 Dex+3}
 44736 | Desolati | Identified the ring "Vupneduzu" {rF+ MP+9} (You found it in
                  | the Desolation of Salt)
 44739 | Desolati | Identified the Catalogue of Ashen Heat
 44742 | Desolati | Identified the ring "Idiehuff" {rPois rC++ Dex-2 Stlth-}
                  | (You found it in the Desolation of Salt)
 44922 | Desolati | Identified the amulet "Ronaqud" {Inacc rPois MR+ Dex+2
                  | Stlth+} (You found it in the Desolation of Salt)
 45754 | Vaults:4 | Reached XP level 22. HP: 184/187 MP: 29/29
 45766 | Vaults:4 | Received a gift from Okawaru
 45910 | Vaults:4 | HP: 9/187 [poisoned by a tengu reaver]
 45915 | Vaults:4 | HP: 8/187 [poisoned by a tengu reaver]
 46328 | Vaults:4 | Reached skill level 10 in Dodging
 46328 | Vaults:4 | Reached skill level 27 in Unarmed Combat
 47095 | Depths:1 | Entered Level 1 of the Depths
 47277 | Depths:1 | Found a gateway to Hell.
 47541 | Depths:1 | Received a gift from Okawaru
 47549 | Depths:1 | Reached skill level 15 in Shields
 47582 | Depths:1 | Identified the +3 storm dragon scales of the Shore {rElec
                  | MR+ Regen+} (Okawaru gifted it to you on level 1 of the
                  | Depths)
 47767 | Depths:1 | Found a one-way gate leading to the halls of Pandemonium.
 48567 | Depths:2 | Found the +8 mithril axe "Arga" {speed, MR+}
 48700 | Depths:2 | Reached XP level 23. HP: 185/195 MP: 31/31
 48731 | Depths:2 | Received a gift from Okawaru
 48742 | Depths:2 | Reached skill level 10 in Armour
 48878 | Depths:2 | Found a one-way gate to the infinite horrors of the Abyss.
 48880 | Depths:2 | Found the +27 Lear's hauberk
 49968 | Depths:3 | Noticed Boris
 49997 | Depths:3 | Killed Boris
 50126 | Depths:3 | Received a gift from Okawaru
 50132 | Depths:3 | Got a heavily runed troll leather armour {god gift}
 50143 | Depths:3 | Identified the +5 troll leather armour of Okawaru's Delight
                  | {rElec rF- rC- rN+++ Regen+} (Okawaru gifted it to you on
                  | level 3 of the Depths)
 50162 | Depths:3 | Found a runed translucent door.
 51468 | Depths:4 | Noticed a caustic shrike
 51588 | Depths:4 | Identified the +3 tower shield of Obbagajo {rC+ MR- Regen+}
 51588 | Depths:4 | Noticed Mennas
 51655 | Depths:4 | Killed Mennas
 51655 | Depths:4 | Received a gift from Okawaru
 51659 | Depths:4 | Reached XP level 24. HP: 128/204 MP: 31/31
 51788 | Depths:4 | Received a gift from Okawaru
 52463 | Depths:5 | Entered Level 5 of the Depths
 52563 | Depths:5 | Found a gateway to a ziggurat.
 52811 | Depths:5 | Identified the +1 fustibalus of Valour {venom, Int+4} (You
                  | acquired it on level 5 of the Depths)
 52832 | Depths:5 | Noticed Frederick
 52842 | Depths:5 | Killed Frederick
 52991 | Depths:5 | Found a gate to the Realm of Zot.
 53031 | Depths:5 | Received a gift from Okawaru
 54033 | Crypt:1  | Entered Level 1 of the Crypt
 54332 | Crypt:1  | Received a gift from Okawaru
 54988 | Crypt:2  | Reached XP level 25. HP: 213/213 MP: 32/32
 55201 | Crypt:2  | Noticed Bai Suzhen
 55215 | Crypt:2  | Killed Bai Suzhen
 55551 | Crypt:3  | Entered Level 3 of the Crypt
 56274 | Crypt:3  | Noticed an ancient lich
 56274 | Crypt:3  | Noticed an ancient lich
 56315 | Crypt:3  | Noticed an ancient lich
 56335 | Crypt:3  | Killed an ancient lich
 56342 | Crypt:3  | Killed an ancient lich
 56346 | Crypt:3  | Killed an ancient lich
 56357 | Crypt:3  | Identified the Incunabulum of Black Arts
 56427 | Crypt:3  | Found a staircase to the Tomb.
 56747 | Lair:2   | Fell from the grace of Okawaru
 56747 | Lair:2   | Became a worshipper of Jiyva Jitiydom the Shapeless
 56997 | Orc:1    | Reached * piety under Jiyva
 57021 | Orc:1    | Reached ** piety under Jiyva
 57028 | Orc:1    | Reached *** piety under Jiyva
 57034 | Orc:1    | Reached **** piety under Jiyva
 57034 | Orc:1    | Lost mutation: Your spells are a little easier to cast, but
                  | a little less powerful. [Jiyva's grace]
 57044 | Orc:1    | Gained mutation: You are partially covered in rugged brown
                  | scales. (AC +1, +3% HP) [Jiyva's grace]
 57056 | Orc:1    | Reached ***** piety under Jiyva
 57210 | Orc:2    | Gained mutation: Your muscles are strong. (Str +2) [Jiyva's
                  | grace]
 57241 | Orc:2    | Lost mutation: You are partially covered in rugged brown
                  | scales. (AC +1, +3% HP) [Jiyva's grace]
 57249 | Orc:2    | Reached ****** piety under Jiyva
 57375 | Lair:2   | Gained mutation: Your translucent skin slightly reduces
                  | your foes' accuracy. (Stealth) [Jiyva's grace]
 57459 | Slime:1  | Entered Level 1 of the Pits of Slime
 57493 | Slime:5  | Entered Level 5 of the Pits of Slime
 57500 | Slime:5  | Lost mutation: Your muscles are strong. (Str +2) [Jiyva's
                  | grace]
 57503 | Slime:5  | Gained mutation: You are partially covered in rugged brown
                  | scales. (AC +1, +3% HP) [Jiyva's grace]
 57508 | Slime:5  | Found a viscous altar of Jiyva.
 57508 | Slime:5  | Lost mutation: You are partially covered in rugged brown
                  | scales. (AC +1, +3% HP) [Jiyva's grace]
 57512 | Slime:5  | Noticed the Royal Jelly
 57521 | Slime:5  | Got a slimy rune of Zot
 57521 | Slime:5  | Lost mutation: Your flesh is cold resistant. (rC+) [Jiyva's
                  | grace]
 57522 | Slime:5  | Identified the Collected Works on Sinister Cold
 57534 | Slime:5  | Identified the Volume of the Helpful Volcanoes
 57542 | Slime:5  | Identified the Guide on Poisonous Attacks
 57892 | Vaults:4 | Gained mutation: You are agile. (Dex +2) [Jiyva's grace]
 57918 | Vaults:4 | Gained mutation: You are partially covered in molten
                  | scales. (AC +2) [Jiyva's grace]
 57937 | Vaults:4 | Upgraded the game from 0.25-a0-647-gd602d06ee1 to
                  | 0.25-a0-657-ge95d391c20
 57937 | Vaults:4 | Gained mutation: Your system is resistant to poisons.
                  | (rPois) [Jiyva's grace]
 57939 | Vaults:5 | Entered Level 5 of the Vaults
 57943 | Vaults:5 | Found Nutezo's Armour Shoppe.
 57989 | Vaults:5 | Gained mutation: Your flesh is cold resistant. (rC+)
                  | [Jiyva's grace]
 58004 | Vaults:5 | Lost mutation: Your flesh is cold resistant. (rC+) [Jiyva's
                  | grace]
 58007 | Vaults:5 | Identified the ring of Garoxot {*Tele +Blink MR+} (You
                  | found it on level 5 of the Vaults)
 58018 | Vaults:5 | Lost mutation: Your translucent skin slightly reduces your
                  | foes' accuracy. (Stealth) [Jiyva's grace]
 58056 | Vaults:5 | Gained mutation: You are very agile. (Dex +4) [Jiyva's
                  | grace]
 58087 | Vaults:5 | Identified the +7 morningstar "Dekkiyte" {vorpal, Str+3}
 58101 | Vaults:5 | Gained mutation: Your spells are a little harder to cast,
                  | but a little more powerful. [Jiyva's grace]
 58222 | Vaults:5 | Gained mutation: You are dopey. (Int -2) [Jiyva's grace]
 58283 | Vaults:5 | Reached skill level 15 in Evocations
 58383 | Vaults:5 | Identified the cursed ring "Zeurch" {AC-3 Str+4}
 58396 | Vaults:4 | Gained mutation: You are very dopey. (Int -4) [Jiyva's
                  | grace]
 58428 | Vaults:4 | Lost mutation: You are very agile. (Dex +4) [Jiyva's grace]
 58508 | Vaults:4 | Reached XP level 26. HP: 193/222 MP: 33/33
 58731 | Vaults:5 | Gained mutation: You are very agile. (Dex +4) [Jiyva's
                  | grace]
 58741 | Vaults:5 | Identified the ring "Kejac" {rC+ rN+ Str+5 Stlth+}
 59145 | Vaults:5 | Lost mutation: You are very agile. (Dex +4) [Jiyva's grace]
 59148 | Vaults:5 | Got a silver rune of Zot
 59150 | Vaults:5 | Gained mutation: You are covered in slimy tendrils that may
                  | disarm your opponents. [Jiyva's grace]
 59157 | Vaults:5 | Lost mutation: You are covered in slimy tendrils that may
                  | disarm your opponents. [Jiyva's grace]
 59175 | Vaults:5 | Identified the ring "Lesociq" {Int+5 Slay+4 SInv Stlth-}
 59195 | Vaults:5 | Lost mutation: You are very dopey. (Int -4) [Jiyva's grace]
 59221 | Vaults:5 | Lost mutation: You are dopey. (Int -2) [Jiyva's grace]
 59224 | Vaults:5 | Gained mutation: You have acidic saliva. [Jiyva's grace]
 59227 | Vaults:5 | Gained mutation: You have a pair of small horns on your
                  | head. [Jiyva's grace]
 59228 | Vaults:5 | Lost mutation: You have a pair of small horns on your head.
                  | [Jiyva's grace]
 59237 | Vaults:5 | Gained mutation: Your magical capacity is low. (-10% MP)
                  | [Jiyva's grace]
 59260 | Vaults:5 | Lost mutation: Your magical capacity is low. (-10% MP)
                  | [Jiyva's grace]
 59273 | Vaults:5 | Gained mutation: You expend magic power (3 MP) to
                  | strengthen your wands. [Jiyva's grace]
 59905 | Vaults:5 | Bought the +1 cloak of Starlight {rElec rC+ EV+4 Stlth--}
                  | for 756 gold pieces
 59905 | Vaults:5 | Found the +1 cloak of Starlight {rElec rC+ EV+4 Stlth--}
 60246 | Elf:2    | Identified the Almanac of Changing and Contamination
 60256 | Elf:2    | Gained mutation: You are very agile. (Dex +4) [Jiyva's
                  | grace]
 60346 | Elf:2    | Gained mutation: Armour fits poorly on your pseudopods.
                  | [Jiyva's grace]
 61267 | Elf:3    | Gained mutation: Your mind is acute. (Int +2) [Jiyva's
                  | grace]
 61319 | Elf:3    | Gained mutation: Your mind is very acute. (Int +4) [Jiyva's
                  | grace]
 61437 | Elf:3    | Identified the cursed +1 lajatang "Transmigrator" {holy,
                  | Str+2}
 61437 | Elf:3    | Identified the +0 leather armour of the Doldrums {rF+
                  | Int+4}
 61437 | Elf:3    | Identified the ring "Udag" {rElec MP+9 Dex+5}
 61467 | Elf:3    | Identified the +5 hand axe "Paitef" {venom, rC+}
 61535 | Elf:3    | Identified the ring "Qotan" {rElec Str+4}
 61566 | Elf:3    | Identified the +8 hand axe of Otenik {protect, Int+5}
 61587 | Elf:3    | Gained mutation: Your muscles are strong. (Str +2) [Jiyva's
                  | grace]
 61724 | Elf:3    | Lost mutation: You expend magic power (3 MP) to strengthen
                  | your wands. [Jiyva's grace]
 61730 | Elf:3    | Identified the +2 cloak "Disienn" {rPois rF+ rN+} (You
                  | found it on level 3 of the Elven Halls)
 61936 | Elf:3    | Gained mutation: You have a small jelly attached to you
                  | that may absorb incoming projectiles. [Jiyva's grace]
 62313 | Elf:3    | Lost mutation: You are very agile. (Dex +4) [Jiyva's grace]
 62375 | Elf:3    | Lost mutation: Your system is resistant to poisons. (rPois)
                  | [Jiyva's grace]
 62419 | Elf:3    | Lost mutation: You have a small jelly attached to you that
                  | may absorb incoming projectiles. [Jiyva's grace]
 62445 | Elf:3    | Lost mutation: Your muscles are strong. (Str +2) [Jiyva's
                  | grace]
 62655 | D:11     | Gained mutation: You are somewhat resistant to further
                  | mutation. [Jiyva's grace]
 62894 | Zot:1    | Entered Level 1 of the Realm of Zot
 62939 | Depths:5 | Was forgiven by Okawaru
 63186 | Zot:1    | Gained mutation: You heal very quickly. [Jiyva's grace]
 63569 | Zot:2    | Reached XP level 27. HP: 231/231 MP: 33/33
 63697 | Zot:2    | Gained mutation: Your flesh is cold resistant. (rC+)
                  | [Jiyva's grace]
 64116 | Zot:2    | Lost mutation: You are agile. (Dex +2) [Jiyva's grace]
 64394 | Zot:3    | Gained mutation: You are covered in thick fur. (AC +2)
                  | [Jiyva's grace]
 64635 | Zot:4    | Noticed an orb of fire
 64654 | Zot:4    | Killed an orb of fire
 64763 | Zot:4    | Lost mutation: You have acidic saliva. [Jiyva's grace]
 64931 | Zot:4    | Gained mutation: Your translucent skin slightly reduces
                  | your foes' accuracy. (Stealth) [Jiyva's grace]
 64932 | Zot:4    | Noticed an orb of fire
 64945 | Zot:4    | Gained mutation: You are weak. (Str -2) [an orb of fire]
 64971 | Zot:4    | Gained mutation: You are partially covered in large bone
                  | plates. (SH +4) [Jiyva's grace]
 64972 | Zot:4    | Lost mutation: Your spells are a little harder to cast, but
                  | a little more powerful. [an orb of fire]
 64984 | Zot:4    | Killed an orb of fire
 65009 | Zot:4    | Lost mutation: You are weak. (Str -2) [Jiyva's power]
 65052 | Zot:4    | Noticed an ancient lich
 65062 | Zot:4    | Killed an ancient lich
 65113 | Zot:4    | Found a stormy altar of Qazlal.
 65145 | Zot:4    | Lost mutation: You are somewhat resistant to further
                  | mutation. [Jiyva's grace]
 65426 | Zot:4    | Noticed an orb of fire
 65442 | Zot:4    | Killed an orb of fire
 65615 | Zot:5    | Entered Level 5 of the Realm of Zot
 65634 | Zot:4    | Gained mutation: You are partially covered in slimy green
                  | scales. (AC +2) [Jiyva's grace]
 66073 | Zot:5    | Noticed an ancient lich
 66108 | Zot:5    | Killed an ancient lich
 66137 | Zot:5    | Noticed an ancient lich
 66147 | Zot:5    | Killed an ancient lich
 66413 | Zot:5    | Gained mutation: You are somewhat resistant to further
                  | mutation. [Jiyva's grace]
 66738 | Zot:5    | Noticed an orb of fire
 66763 | Zot:5    | Gained mutation: Your rubbery body absorbs attacks. (AC +1,
                  | EV +1) [Jiyva's grace]
 66799 | Zot:5    | Killed an orb of fire
 67081 | Zot:5    | Noticed an ancient lich
 67240 | Zot:5    | Killed an ancient lich
 67291 | Zot:5    | Noticed a juggernaut
 67291 | Zot:5    | a Killer Klown changed into a juggernaut
 67313 | Zot:5    | Killed a juggernaut
 67429 | Zot:5    | Gained mutation: You have supernaturally acute eyesight.
                  | (SInv) [Jiyva's grace]
 67461 | Zot:5    | Noticed an orb of fire
 67484 | Zot:5    | Killed an orb of fire
 67551 | Zot:5    | Got the Orb of Zot
 67637 | Zot:4    | Noticed Boris
 67676 | Zot:3    | Gained mutation: Your translucent skin reduces your foes'
                  | accuracy. (Stealth) [Jiyva's grace]
 67754 | Depths:5 | Lost mutation: You are partially covered in large bone
                  | plates. (SH +4) [Jiyva's grace]
 68122 | D:$      | Escaped with the Orb!

Levels and vault maps discovered:
D:1:      ldierk_walled_garden, layout_loops_ring
D:2:      layout_rooms, good_gods_temple_1, nicolae_overflow_hidden_temple,
          first_ration
D:3:      layout_basic, kennysheep_potato, uniq_natasha
D:4:      layout_gridville, ebering_ghost_reflecting_pool
D:5:      layout_cave_pools, lemuel_blue_sif_altar,
          lemuel_coloured_pillars_altar, lemuel_temple_firewalk_b,
          gammafunk_ghost_grave
D:6:      layout_rooms
D:7:      layout_loops_ring, nicolae_ossuary_entry_monument, uniq_duvessa,
          uniq_menkaure
D:8:      layout_loops_corners, serial_shops,
          nicolae_shop_competitors_out_of_business, basic_altar,
          grunt_ogre_cave, nicolae_qazlal_eye_of_the_storm
D:9:      layout_basic, hiddenorc1_lemuel, serial_shops, shop, serial_ice,
          serial_ice_f, serial_ice_i, serial_ice_a, serial_ice_e,
          hangedman_abyss_or_decor_stagger, nicolae_water_bricks
D:10:     layout_small_grid, enter_bailey_7, okawaru_trees_1
D:11:     layout_basic, due_lair_maze_entry_diamond, tso_altar
D:12:     layout_irregular_city, uniq_nergalle
D:13:     layout_grid_maze, portal_ice_cave_rime
D:14:     layout_basic, david_vaults_1, kennysheep_cross_room,
          lemuel_hellish_altar, uniq_roxanne, uniq_frances
D:15:     hangedman_depths_entry_civil_slaughter, layout_long_grid,
          lightli_minifort
Temple:   lightli_temple_of_artemis
Lair:1:   layout_gridlike
Lair:2:   gammafunk_lair_enchanted_lake, layout_cave_shapes,
          minmay_shoals_entry_hut, gammafunk_ghost_ooze
Lair:3:   layout_layer_cave, spider_nest_entry_webs, kennysheep_snail_temple,
          uniq_prince_ribbit2
Lair:4:   layout_cave_pods
Lair:5:   layout_cave_pods, slime_altar_1, minivault_19,
          chequers_serial_rivers_small_a, minivault_11, serial_bayou_pond_b,
          lookout_lair_type, uniq_sonja
Lair:6:   evilmike_catoblepas_cave, layout_concentric_octagons,
          kennysheep_abandoned_house, infiniplex_staircase_pool,
          minmay_lair_oklob_chamber
Shoals:1: cheibrodos_shoals_gigantism, layout_shoals,
          ebering_ghost_disaster_area, nicolae_shoals_dead_sea_scrolls
Shoals:2: layout_shoals, wheals_shoals_ruined_temple
Shoals:3: layout_shoals
Shoals:4: shoals_end_grunt_ice, layout_shoals, serial_shops,
          nicolae_shop_overgrown_old_shop
Spider:1: layout_spider_delve
Spider:2: layout_spider_delve, spiders_nest_spider_trap, uniq_aizul
Spider:3: layout_chambers, uniq_nikola
Spider:4: grunt_spider_rune_parallel, uniq_kirke
Slime:1:  layout_caves
Slime:2:  layout_caves
Slime:3:  layout_caves
Slime:4:  layout_caves
Slime:5
Orc:1:    minmay_goldmine, layout_diamond_mine, minmay_orc_treasury,
          uniq_jorgrun, uniq_harold
Orc:2:    grunt_orc_tribal_feast, layout_caves, basic_altar
Elf:1:    layout_geoelf_diagonals, basic_altar, serial_shops,
          nicolae_shop_trees, shop, shop, nicolae_shop_waterfront,
          kennysheep_underground_church, minmay_shop_star
Elf:2:    layout_geoelf_diagonals, basic_altar, serial_shops, shop,
          serial_sigils_hangedman_quiver, statue_in_the_mist_lemuel,
          wad_floor_pattern_untrapped, david_greed
Elf:3:    elf_hall_gauntlet_narrow, layout_geoelf_castle
Vaults:1: ontoclasm_vaults_hangar, nicolae_vaults_lopsided_apartments,
          nicolae_vaults_little_ls, hangedman_vaults_capsules, vaults_mumra_lcd,
          v_pattern_3, nicolae_vaults_network_quincunx
          [nicolae_vaults_network_quincunx_subvault,
          nicolae_vaults_network_quincunx_subvault,
          nicolae_vaults_network_quincunx_subvault,
          nicolae_vaults_network_quincunx_subvault,
          nicolae_vaults_network_quincunx_subvault], grunt_vaults_bifocal,
          hangedman_vaults_cutoff, v_misc_16, vaults_room_stairs_pillars,
          hangedman_vaults_variations, layout_vaults_omnibox, serial_shops,
          shop, shop_statue, shop, shop, uniq_saint_roka
Vaults:2: minmay_crypt_entry_simple_round, hangedman_vaults_trim, v_misc_1,
          nicolae_vaults_back_hallway, nicolae_vaults_disjoint_gnomons,
          vaults_mumra_bighexcomb, v_pattern_5, v_misc_19,
          vaults_room_ringed_pool, ontoclasm_vaults_chip,
          nicolae_vaults_diagonal_hallway_6, layout_vaults_ring, uniq_boris,
          uniq_mara, uniq_jory
Vaults:3: ontoclasm_vaults_shuriken, v_misc_32, v_misc_25,
          nicolae_vaults_network_periphery, hangedman_vaults_nodes,
          nicolae_vaults_mini_display_case, v_misc_27, vaults_mumra_hexcomb,
          serial_ice_b, nicolae_vaults_little_squares_6,
          nicolae_vaults_inception_scallops, vaults_dpeg_ring,
          grunt_vaults_focal, grunt_vaults_hallway_long,
          layout_vaults_big_cross, uniq_xtahua
Vaults:4: nicolae_vaults_network_barrier, nicolae_vaults_network_star,
          vaults_room_fours, dpeg_vaults_waves,
          nicolae_vaults_stairing_the_circle, nicolae_vaults_hallways_thing,
          vaults_room_pool, v_misc_3, ontoclasm_vaults_ligature,
          nicolae_vaults_alarming, layout_vaults_omnigrid,
          portal_desolation_entry_ruin, infiniplex_enter_wizlab_glasses
Vaults:5
Crypt:1:  layout_chaotic_city, feat_on_display
Crypt:2:  layout_misc_corridors, roderic_lattice_octagonal_star, uniq_bai_suzhen
Crypt:3:  david_glass_crypt, layout_basic, nicolae_tomb_entry_rubble_hallway
Depths:1: layout_small_grid, lightli_too_deep, pan_entry,
          kennysheep_generic_room_3, grunt_megastairs_3
Depths:2: radiant_caverns_b_rkd, abyss_entry, hell_entry
Depths:3: minmay_the_grid_triangle_9x9_recursive_2
          [minmay_the_grid_triangle_9x9_prize_center,
          minmay_the_grid_triangle_9x9_sprig,
          minmay_the_grid_triangle_9x9_alien,
          minmay_the_grid_triangle_9x9_subtriangle], layout_gridlike,
          serial_sigils, serial_sigils_hangedman_clutch,
          serial_sigils_hangedman_stare, serial_sigils_hangedman_quiver,
          serial_sigils_hangedman_carve, rand_demon_pan_entry_8, hell_entry,
          hangedman_abyss_entry_splay, hangedman_decor_peaks_small
Depths:4: hangedman_arrow_trap, layout_gridlike, abyss_entry_crystal,
          hell_entry, grunt_megastairs_5, infiniplex_staircase_pool_lava,
          uniq_mennas
Depths:5: grunt_zot_entry_funnels, layout_basic, enter_ziggurat_a, pan_entry,
          hangedman_coc_ice_floe, hangedman_decor_clover_reticule,
          grunt_decor_fettered, hangedman_aviary, uniq_frederick
Zot:1:    layout_twisted_circle
Zot:2:    layout_gridlike, grunt_megastairs_4
Zot:3:    grunt_zot_stairs_overgrown, layout_concentric_octagons
Zot:4:    regret_index_qazlal_generations, layout_twisted_circle
Zot:5:    layout_basic

Skill      XL: |  1  2  3  4  5  6  7  8  9 10 11 12 13 14 15 16 17 18 19 20 21 22 23 24 25 26 27 |
---------------+----------------------------------------------------------------------------------+-----
Dodging        | 3 4 5 6 7 8 9 10 11 | 11.5
Unarmed Combat | 3 5 6 7 9 11 12 15 17 18 19 20 21 22 24 25 26 27 | 27.0
Shields        | 3 4 5 6 7 8 9 10 11 12 13 14 16 18 20 22 23 26 | 26.1
Invocations    | 1 2 3 4 5 6 7 8 9 10 | 10.1
Evocations     | 1 2 3 4 5 6 7 8 9 10 11 12 13 15 17 | 17.3
Fighting       | 3 4 5 6 7 |  7.0
Armour         | 3 5 6 7 8 9 10 11 12 14 | 14.2
Throwing       | 1 |  1.3
Stealth        | |  0.3

Action                   |  1- 3 |  4- 6 |  7- 9 | 10-12 | 13-15 | 16-18 | 19-21 | 22-24 | 25-27 || total
-------------------------+-------+-------+-------+-------+-------+-------+-------+-------+-------++-------
Melee: Unarmed           |    94 |   175 |   420 |   545 |   860 |  1743 |  1697 |  1772 |  2537 ||  9843
       War axe           |       |       |       |       |    17 |       |       |       |       ||    17
       Kick              |       |       |       |       |    23 |   600 |       |       |       ||   623
       Pseudopods        |       |       |       |       |       |       |       |       |   446 ||   446
       Bite              |       |       |       |       |       |       |       |       |   185 ||   185
Throw: Large rock        |       |       |       |     2 |    12 |    14 |     8 |       |       ||    36
       Javelin           |       |       |       |       |     1 |       |       |       |       ||     1
Invok: Heroism           |       |       |       |       |       |     2 |     1 |     1 |       ||     4
       Finesse           |       |       |       |       |       |     2 |     1 |     2 |       ||     5
       Request Jelly     |       |       |       |       |       |       |       |       |     9 ||     9
       Cure Bad Mutation |       |       |       |       |       |       |       |       |     1 ||     1
 Abil: Evoke Invisibilit |       |       |       |       |       |       |     1 |       |     1 ||     2
       Evoke Flight      |       |       |       |       |       |       |       |     3 |       ||     3
Evoke: Wand              |       |       |     6 |    19 |    19 |    34 |     1 |     4 |    17 ||   100
       Lamp of fire      |       |       |       |       |       |     1 |       |       |       ||     1
       Box of beasts     |       |       |       |       |       |       |       |     1 |       ||     1
  Use: Scroll            |       |     4 |     9 |     4 |    14 |    14 |     9 |    16 |    15 ||    85
       Potion            |       |       |       |     2 |     7 |    15 |     1 |     6 |     5 ||    36
 Stab: Sleeping          |     1 |     1 |    11 |     1 |       |       |       |       |       ||    14
       Distracted        |       |       |       |     1 |       |       |     1 |     1 |     2 ||     5
       Paralysed         |       |       |       |       |     4 |     8 |       |       |       ||    12
       Held in net/web   |       |       |       |       |       |     1 |       |       |       ||     1
       Invisible         |       |       |       |       |       |       |     2 |       |     6 ||     8
       Petrified         |       |       |       |       |       |       |       |       |     7 ||     7
  Eat: Chunk             |    13 |    18 |    31 |    49 |    78 |   141 |    92 |    69 |     4 ||   495
       Ration            |       |       |     1 |       |       |       |       |     2 |     3 ||     6
Armor: Robe              |    19 |    40 |    94 |    92 |   124 |   115 |       |       |       ||   484
       Skin              |       |       |       |       |    10 |       |       |       |       ||    10
       Troll leather arm |       |       |       |       |     1 |       |       |    17 |    21 ||    39
       Swamp dragon scal |       |       |       |       |       |   221 |   102 |       |       ||   323
       Pearl dragon scal |       |       |       |       |       |       |   120 |    25 |       ||   145
       Storm dragon scal |       |       |       |       |       |       |       |   145 |       ||   145
       Gold dragon scale |       |       |       |       |       |       |       |    18 |   494 ||   512
Dodge: Dodged            |    21 |    45 |    84 |   113 |   152 |   405 |   208 |   162 |   282 ||  1472
Block: Kite shield       |    31 |    62 |   281 |   186 |       |       |       |       |       ||   560
       Reflection        |       |       |     4 |    43 |    23 |   149 |   117 |    84 |   166 ||   586
       Tower shield      |       |       |       |   321 |   791 |  1878 |  1480 |  1375 |  2349 ||  8194

Table legend:
 A = Non-vault XP
 B = Vault XP
 C = Vault XP percentage of total XP
 D = Non-vault monster count
 E = Vault monster count
 F = Vault count percentage of total count
                 A         B        C        D         E       F
            +---------+---------+-------+---------+---------+-------
      Total |  841721 |  992226 |  54.1 |    1555 |    1108 |  41.6
            +---------+---------+-------+---------+---------+-------
        D:1 |      67 |       0 |   0.0 |      35 |       0 |   0.0
        D:2 |     150 |       0 |   0.0 |      22 |       0 |   0.0
        D:3 |     196 |      39 |  16.6 |      27 |       3 |  10.0
        D:4 |      55 |     210 |  79.2 |       5 |       1 |  16.7
        D:5 |     516 |     592 |  53.4 |      22 |       1 |   4.3
        D:6 |     847 |       0 |   0.0 |      19 |       0 |   0.0
        D:7 |     447 |     390 |  46.6 |       7 |       3 |  30.0
        D:8 |     221 |     118 |  34.8 |       5 |       1 |  16.7
        D:9 |     854 |    2637 |  75.5 |      17 |      29 |  63.0
       D:10 |    5433 |      32 |   0.6 |      37 |       4 |   9.8
       D:11 |    7614 |    1174 |  13.4 |      35 |       9 |  20.5
       D:12 |    9439 |     831 |   8.1 |      44 |       1 |   2.2
       D:13 |    7908 |     732 |   8.5 |      41 |       2 |   4.7
       D:14 |   11133 |    8912 |  44.5 |      33 |      10 |  23.3
       D:15 |   10294 |    3624 |  26.0 |      27 |       7 |  20.6
     Lair:1 |    3780 |       0 |   0.0 |      21 |       0 |   0.0
     Lair:2 |    8456 |    5781 |  40.6 |      28 |      17 |  37.8
     Lair:3 |    8407 |    3272 |  28.0 |      32 |      10 |  23.8
     Lair:4 |    3981 |       0 |   0.0 |      17 |       0 |   0.0
     Lair:5 |    6746 |    2645 |  28.2 |      19 |       6 |  24.0
     Lair:6 |    3015 |   14204 |  82.5 |      19 |      37 |  66.1
   Shoals:1 |   19328 |    7140 |  27.0 |      39 |       5 |  11.4
   Shoals:2 |   14418 |    1394 |   8.8 |      28 |       2 |   6.7
   Shoals:3 |   20470 |     298 |   1.4 |      39 |       1 |   2.5
   Shoals:4 |    9891 |   19660 |  66.5 |      22 |      28 |  56.0
   Spider:1 |    5911 |       0 |   0.0 |      13 |       0 |   0.0
   Spider:2 |   10624 |    4837 |  31.3 |      35 |       9 |  20.5
   Spider:3 |   12852 |    4451 |  25.7 |      39 |       2 |   4.9
   Spider:4 |    8862 |   23017 |  72.2 |      19 |      53 |  73.6
      Orc:1 |    3082 |   13896 |  81.8 |      37 |      55 |  59.8
      Orc:2 |    2796 |    6339 |  69.4 |      26 |      27 |  50.9
      Elf:1 |   15440 |    3888 |  20.1 |      30 |       6 |  16.7
      Elf:2 |    8698 |   25983 |  74.9 |      13 |      31 |  70.5
      Elf:3 |   20685 |   38236 |  64.9 |      35 |      27 |  43.5
   Vaults:1 |   17065 |   30802 |  64.3 |      39 |      52 |  57.1
   Vaults:2 |    7041 |   48611 |  87.3 |      14 |      45 |  76.3
   Vaults:3 |   38457 |   27534 |  41.7 |      50 |      30 |  37.5
   Vaults:4 |   62289 |   39132 |  38.6 |      91 |      40 |  30.5
   Vaults:5 |   32615 |  130628 |  80.0 |      49 |      94 |  65.7
    Crypt:1 |   37269 |       0 |   0.0 |      64 |       0 |   0.0
    Crypt:2 |   14864 |    5011 |  25.2 |      27 |       1 |   3.6
    Crypt:3 |   10389 |   37839 |  78.5 |      17 |      10 |  37.0
   Depths:1 |   23854 |   13311 |  35.8 |      33 |      15 |  31.2
   Depths:2 |       0 |   69577 | 100.0 |       0 |      97 | 100.0
   Depths:3 |   43423 |   24559 |  36.1 |      40 |      22 |  35.5
   Depths:4 |   40675 |   36224 |  47.1 |      46 |      22 |  32.4
   Depths:5 |   48280 |   43058 |  47.1 |      33 |      26 |  44.1
      Zot:1 |   20811 |       0 |   0.0 |      14 |       0 |   0.0
      Zot:2 |   53565 |    3528 |   6.2 |      35 |       2 |   5.4
      Zot:3 |   10587 |       0 |   0.0 |       5 |       0 |   0.0
      Zot:4 |   73658 |   57031 |  43.6 |      41 |      32 |  43.8
      Zot:5 |   51610 |  148875 |  74.3 |      30 |      39 |  56.5
    Abyss:2 |   12653 |       0 |   0.0 |      40 |       0 |   0.0
    Ossuary |       0 |     316 | 100.0 |       0 |      36 | 100.0
     Bailey |       0 |    2828 | 100.0 |       0 |      27 | 100.0
      IceCv |       0 |    2454 | 100.0 |       0 |      10 | 100.0
     WizLab |       0 |   30430 | 100.0 |       0 |      33 | 100.0
 Desolation |       0 |   46146 | 100.0 |       0 |      88 | 100.0
            +---------+---------+-------+---------+---------+-------
